 Dungeon Crawl Stone Soup version 0.32-a0-861-g165e151e72 (webtiles) character file.

Game seed: 6292097825814321379

9 Essalna the Firebug (level 2, -2/19 HPs)
             Began as a Demonspawn Fire Elementalist on Mar 28, 2024.
             Slain by a frilled lizard (3 damage)
             ... on level 1 of the Dungeon.
             The game lasted 00:00:27 (245 turns).

Essalna the Firebug (Demonspawn Fire Elementalist)   Turns: 245, Time: 00:00:28

Health: -2/19      AC:  2    Str:  8    XL:     2   Next: 3%
Magic:  2/5        EV: 11    Int: 15    God:
Gold:   14         SH:  0    Dex: 13    Spells: 4/5 levels left

rFire   . . .        (no weapon)
rCold   . . .        (no shield)
rNeg    . . .        a - +0 robe
rPois   .            (no helmet)
rElec   .            (no cloak)
rCorr   .            (no gloves)
SInv    .            (no boots)
Will    .....        (no amulet)
Stlth   ++           (no ring)
HPRegen 0.23/turn    (no ring)
MPRegen 0.09/turn

%: no passive effects
@: no status effects
A: weakness stinger 1
a: no special abilities


You were on level 1 of the Dungeon.
You visited 1 branch of the dungeon, and saw 1 of its levels.

You collected 14 gold pieces.

Inventory:

Hand Weapons
 d - a +0 spear
Armour
 a - a +0 robe (worn)
Potions
 b - a potion of magic
 c - a potion of might {unknown}


   Skills:
 - Level 1.7 Dodging
 - Level 1.7 Stealth
 - Level 2.0 Spellcasting
 + Level 1.6 Conjurations
 + Level 3.0 Fire Magic


You had 4 spell levels left.
You knew the following spells:

 Your Spells              Type           Power      Damage    Failure   Level
a - Foxfire               Conj/Fire      32%        2x1d5     9%          1

Your spell library contained the following spells:

 Spells                   Type           Power      Damage    Failure   Level
 Scorch                   Fire           20%        2d5       10%         2
 Inner Flame              Hex/Fire       6%         N/A       34%         3
 Volatile Blastmotes      Fire/Tloc      12%        2d11      34%         3
 Flame Wave               Conj/Fire      8%         2d5       65%         4


Dungeon Overview and Level Annotations

Branches:
Dungeon (1/15)

Altars:


Innate Abilities, Weirdness & Mutations

You have a small tail.


Message History

You conjure some foxfire!
The foxfire hits the ball python.
You kill the ball python!
The foxfire hits the hobgoblin but does no damage.
The hobgoblin is severely wounded.
You have reached level 2!
Your demonic ancestry asserts itself...
You grow a small tail.
The hobgoblin completely misses you. The hobgoblin barely misses you.
The frilled lizard barely misses you. The hobgoblin barely misses you.
The frilled lizard misses you. The hobgoblin closely misses you.
The frilled lizard bites you but does no damage.
The hobgoblin barely misses you.
The frilled lizard bites you but does no damage.
The hobgoblin hits you. The frilled lizard bites you.
The hobgoblin closely misses you. The frilled lizard closely misses you.
The hobgoblin hits you but does no damage.
The frilled lizard closely misses you.
The hobgoblin hits you but does no damage.
The frilled lizard bites you. The hobgoblin barely misses you.
The frilled lizard misses you. The hobgoblin closely misses you.
The frilled lizard bites you but does no damage.
The hobgoblin hits you. The frilled lizard closely misses you.
The hobgoblin misses you. The frilled lizard misses you.
The hobgoblin barely misses you. The frilled lizard closely misses you.
The hobgoblin hits you. The frilled lizard closely misses you.
The hobgoblin closely misses you. The frilled lizard barely misses you.
The hobgoblin hits you.
* * * LOW HITPOINT WARNING * * *
The frilled lizard closely misses you. The hobgoblin barely misses you.
The frilled lizard bites you.
* * * LOW HITPOINT WARNING * * *
The hobgoblin hits you but does no damage.
The frilled lizard bites you.
* * * LOW HITPOINT WARNING * * *
The hobgoblin misses you. The frilled lizard bites you.
You die...

.#.........# .#............. .
.........# ............... .#
##.........
.......†...########.###..........
....††.....####...#.##...........
....................##)#.........
.#.................# #.#.........
..................####..........#
##...#####.^....@g...............
##.### #...###..l#..............
...# ####.#...#.....##.#.........
..####....##.....................
..###..#####.##..................
......>......#####..............#
..############ #########.....##
..# ####### ..#


You could see a hobgoblin and a frilled lizard.

Vanquished Creatures
  A ball python (D:1)
  An endoplasm (D:1)
  4 jackals (D:1)
  A rat (D:1)
7 creatures vanquished.

Vanquished Creatures (others)
  23 foxfires (D:1)
23 creatures vanquished.

Grand Total: 30 creatures vanquished

Notes
Turn   | Place    | Note
-------+----------+-------------------------------------------
     0 | D:1      | Essalna the Demonspawn Fire Elementalist began the quest
                  | for the Orb.
     0 | D:1      | Reached XP level 1. HP: 13/13 MP: 3/3
   205 | D:1      | Reached skill level 3 in Fire Magic
   224 | D:1      | Gained mutation: You have a small tail. [demonic ancestry]
   224 | D:1      | Reached XP level 2. HP: 19/19 MP: 0/5
   245 | D:1      | Slain by a frilled lizard

Illustrated notes

Levels and vault maps discovered:
D:1:      shiori_arrival_oz, layout_rooms,
          hellmonk_ecumenical_altar_inner_sanctum

Skill      XL: |  1 |
---------------+----+-----
Fire Magic     | 3 |  3.0
Dodging        | |  1.7
Stealth        | |  1.7
Spellcasting   | |  2.0
Conjurations   | |  1.6

Action                     || total
---------------------------++-------
   Cast: Foxfire           ||    13
 Armour: Robe              ||    15
  Dodge: Dodged            ||    24

Table legend: (Time is in decaauts)
 A = Elapsed time spent in this place.
 B = Non-inter-level travel time spent in this place.
 C = Inter-level travel time spent in this place.
 D = Time resting spent in this place.
 E = Time spent auto-exploring this place.
 F = Levels seen in this place.
 G = Mean time per level.
                   A        B        C        D        E       F      G
               +--------+--------+--------+--------+--------+-----+--------+
         Total |    245 |    245 |      0 |      0 |    176 |   1 |  245.0 |
       Dungeon |    245 |    245 |      0 |      0 |    176 |   1 |  245.0 |
               +--------+--------+--------+--------+--------+-----+--------+

Top non-repeatable levels by time:
     D:1: 245 daAuts
